cohdb
Replays
Latest Replays
All Replays
Popular Replays
Top Player Replays
Match Explorer
How It Works
Community
CoH3 Stats
Reddit
Sign in to upload your games and track your stats! →
Sign in with Steam
Match 43661569
Unlisted
Match 43661569
Overview
Messages
Build Orders
End
Construct Section Command Post
Dingo Light Scout Car
Dingo Light Scout Car
Infantry Section
Infantry Section
Construct Platoon Command Post
6-pounder Anti-tank Gun Team
Humber Armored Car
Humber Armored Car
6-pounder Anti-tank Gun Team
Light Vehicle Training
Infantry Section
Construct Company Command Post
Infantry Section
Foot Guards Section
Construct Field Infirmary
Crusader II Medium Tank
Crusader II Medium Tank
6-pounder Anti-tank Gun Team
JollyRedRockett
JANISSARY-TR
BruinTzar
盖叶的黑色部队
SMAW
twitch.tv/burgermyburger
0
0
Comments
sign in to comment!
No comments posted yet!